 Dungeon Crawl Stone Soup version 0.24-a0-235-g3f03afc (webtiles) character file.

Game seed: 9013057227435503123

212 xeno23 the Sneak (level 5, -5/34 HPs)
             Began as an Octopode Assassin on Apr 7, 2019.
             Slain by a howler monkey (7 damage)
             ... on level 4 of the Dungeon.
             The game lasted 00:05:41 (2317 turns).

xeno23 the Sneak (Octopode Assassin)                Turns: 2317, Time: 00:05:42

Health: -5/34      AC:  1    Str: 10    XL:     5   Next: 89%
Magic:  6/6        EV: 18    Int: 13    God:
Gold:   132        SH:  0    Dex: 20    Spells: 2/5 levels left

rFire    . . .     SeeInvis .   a - +2 dagger
rCold    . . .     Gourm    .   (no shield)
rNeg     . . .     Faith    .   (helmet restricted)
rPois    .         Spirit   .   (no amulet)
rElec    .         Reflect  .   (no ring)
rCorr    .         Harm     .   (no ring)
MR       .....                  (no ring)
Stlth    ++++++....             (no ring)
HPRegen  0.11/turn              (no ring)
MPRegen  0.10/turn              (no ring)
                                (no ring)
                                (no ring)

@: agile
A: almost no armour, stealthy swim, amphibious, 8 rings, constrict 8, camouflage
1, gelatinous body 1
a: no special abilities


You were on level 4 of the Dungeon.
You were not hungry.

You visited 1 branch of the dungeon, and saw 4 of its levels.

You collected 132 gold pieces.

Inventory:

Hand Weapons
 a - a +2 dagger (weapon)
 b - a +0 blowgun
Missiles
 c - 8 poisoned needles
 d - 2 curare-tipped needles
Wands
 l - a wand of scattershot (5)
Scrolls
 e - a scroll of teleportation {unknown}
 g - 5 scrolls of identify {unknown}
 i - a scroll of magic mapping {unknown}
 k - a scroll of amnesia {unknown}
 o - 3 scrolls of remove curse
Potions
 h - 2 potions of agility
 j - 2 potions of heal wounds {unknown}
 m - a potion of curing {unknown}
 p - 2 potions of brilliance {unknown}
Comestibles
 f - 4 rations


   Skills:
 - Level 2.0 Fighting
 * Level 4.5 Short Blades
 - Level 2.0 Throwing
 - Level 1.0 Dodging
 + Level 6.7 Stealth
 + Level 0.8 Spellcasting
 * Level 1.6 Hexes


You had 2 spell levels left.
You knew the following spells:

 Your Spells              Type           Power        Failure   Level  Hunger
a - Confuse               Hex            #.......     41%         3    ####...

Your spell library contained the following spells:

 Spells                   Type           Power        Failure   Level  Hunger
 Confusing Touch          Hex            #.....       16%         1    ##.....
 Corona                   Hex            #......      16%         1    ##.....
 Animate Skeleton         Necr           N/A          28%         1    ##.....
 Apportation              Tloc           #.....       28%         1    ##.....
 Summon Small Mammal      Summ           #...         28%         1    ##.....
 Ensorcelled Hibernation  Hex/Ice        #.....       30%         2    ###....
 Tukima's Dance           Hex            #.......     41%         3    ####...
 Dazzling Spray           Conj/Hex       #.....       52%         3    ####...


Dungeon Overview and Level Annotations

Branches:
Dungeon (4/15)
 Temple: D:4-7

Altars:
Vehumet


Innate Abilities, Weirdness & Mutations

You cannot wear most types of armour.
You are very stealthy in the water. (Stealth+)
You are amphibious.
You can wear up to eight rings at the same time.
You can use your tentacles to constrict eight enemies at once.
Your skin changes colour to match your surroundings (Stealth+).
Your rubbery body absorbs attacks. (AC +1, EV +1)


Message History

The howler monkey misses you. The howler monkey hits you.
* * * LOW HITPOINT WARNING * * *
You take 6 damage.
A gnoll comes into view. It is wielding a +0 spear.
The howler monkey closely misses you.
Casting: Confuse (slightly dangerous; 41% risk of failure)
Confirm with . or Enter, or press ? or * to list all spells.
Aiming: Confuse (slightly dangerous; 41% risk of failure)
Press: ? - help, Shift-Dir - straight line, f - howler monkey
Aim: a howler monkey (chance to defeat MR: 45%)
Okay, then.
As you read the scroll labeled WAEBAM NEORERCH, it crumbles to dust.
You feel blessed for a moment.
It was a scroll of remove curse.
The howler monkey closely misses you.
It was a potion of agility.
You feel agile all of a sudden. The howler monkey hits you.
* * * LOW HITPOINT WARNING * * *
The jelly closely misses you. The howler monkey hits you!
You die...

#.##.# #....#
#a##.###....#####
#.##.#..........##
#.############...#
###.# #...# .##.#
##...# .##.#
#...## ..#.#
##Jha# ..#.#
#..@## ..#.# #...#
....# #.(.## .#..#
#/..## .#..###
#...# ...>..#
#...# ......# g..#
......# ...
..!...#


You could see a howler monkey, a jelly, a worker ant and a gnoll (sleeping).

Vanquished Creatures
  An orc priest (D:3)
  A hound (D:4)
  Ijyb (D:4)
  3 gnolls (D:3)
  5 adders
  An adder skeleton (D:4)
  3 worms
  A leopard gecko (D:3)
  3 orcs
  3 giant cockroaches
  4 goblins
  5 hobgoblins
  A quokka (D:2)
  2 ball pythons
  4 bats
  2 frilled lizards
  5 kobolds
  A rat (D:2)
46 creatures vanquished.

Notes
Turn   | Place    | Note
-------+----------+-------------------------------------------
     0 | D:1      | xeno23 the Octopode Assassin began the quest for the Orb.
     0 | D:1      | Reached XP level 1. HP: 14/14 MP: 1/1
   635 | D:2      | Reached XP level 2. HP: 19/19 MP: 2/2
   922 | D:2      | Reached XP level 3. HP: 17/24 MP: 3/3
   936 | D:2      | Found a radiant altar of Vehumet.
  1323 | D:3      | Reached skill level 6 in Stealth
  1327 | D:3      | Reached XP level 4. HP: 29/29 MP: 4/4
  1750 | D:2      | Learned a level 3 spell: Confuse
  1881 | D:3      | Reached XP level 5. HP: 34/34 MP: 5/5
  2073 | D:3      | Reached skill level 1 in Hexes
  2269 | D:4      | Noticed Ijyb
  2283 | D:4      | Killed Ijyb
  2317 | D:4      | Slain by a howler monkey

Levels and vault maps discovered:
D:1:      dpeg_arrival_three_smaller_balls, layout_loops_ring
D:2:      layout_loops_ring, fiery_altar_vehumet, minmay_tromino_v4_b
D:3:      layout_basic, columned_hall_lemuel
D:4:      layout_basic, minmay_temple_entry_stoned_glass, first_ration,
          serial_curves, eino_curves_01, eino_curves_02, uniq_ijyb

Skill      XL: |  1  2  3  4  5 |
---------------+----------------+-----
Short Blades   | 3 4 |  4.5
Stealth        | 6 |  6.7
Hexes          | 1 |  1.6
Fighting       | |  2.0
Throwing       | |  2.0
Dodging        | |  1.0
Spellcasting   | |  0.8

Action                   |  1- 3 |  4- 6 || total
-------------------------+-------+-------++-------
Melee: Dagger            |    41 |    59 ||   100
       Tentacles         |     6 |     8 ||    14
       Constrict         |     6 |    10 ||    16
  Use: Scroll            |       |     1 ||     1
       Potion            |       |     1 ||     1
 Stab: Sleeping          |    15 |     8 ||    23
       Distracted        |     1 |     1 ||     2
  Eat: Chunk             |     1 |     3 ||     4
Armor: Skin              |     1 |     2 ||     3
Dodge: Dodged            |    11 |    34 ||    45

Table legend:
 A = Non-vault XP
 B = Vault XP
 C = Vault XP percentage of total XP
 D = Non-vault monster count
 E = Vault monster count
 F = Vault count percentage of total count
                 A         B        C        D         E       F
            +---------+---------+-------+---------+---------+-------
      Total |     264 |      39 |  12.9 |      43 |       3 |   6.5
            +---------+---------+-------+---------+---------+-------
        D:1 |       8 |       0 |   0.0 |       5 |       0 |   0.0
        D:2 |      45 |       3 |   6.2 |      16 |       2 |  11.1
        D:3 |     166 |       0 |   0.0 |      20 |       0 |   0.0
        D:4 |      45 |      36 |  44.4 |       2 |       1 |  33.3
            +---------+---------+-------+---------+---------+-------
